 Dungeon Crawl Stone Soup version 0.24.0-37-gcf1ca852f1 (webtiles) character file.

Game seed: 3715833825221584939, levelgen mode: deterministic

4830 Mrkan the Grappler (level 10, -17/102 HPs)
             Began as a Troll Hunter on Nov 26, 2019.
             Was a Believer of Makhleb.
             Killed from afar by a gargoyle (26 damage)
             ... with a stone arrow
             ... on level 12 of the Dungeon.
             The game lasted 00:13:29 (6485 turns).

Mrkan the Grappler (Troll Hunter)                   Turns: 6485, Time: 00:13:29

Health: -17/102    AC:  9    Str: 24    XL:     10   Next: 25%
Magic:  9/9        EV: 10    Int:  8    God:    Makhleb [**....]
Gold:   589        SH:  0    Dex: 10    Spells: 9/9 levels left

rFire    . . .     SeeInvis .     - Unarmed
rCold    . . .     Gourm    +   (no shield)
rNeg     . . .     Faith    .   x - +2 robe {MR+}
rPois    .         Spirit   .   (helmet restricted)
rElec    .         Reflect  .   r - +0 cloak
rCorr    .         Harm     .   (gloves unavailable)
MR       +....                  (boots unavailable)
Stlth    +.........             (no amulet)
HPRegen  0.67/turn              (no ring)
MPRegen  0.11/turn              (no ring)

@: no status effects
A: large, unfitting armour, claws 3, fast metabolism 3, gourmand, regeneration
1, shaggy fur 1, tough skin 3
a: Minor Destruction, Renounce Religion


You were on level 12 of the Dungeon.
You worshipped Makhleb.
Makhleb was pleased with you.
You were full.

You visited 2 branches of the dungeon, and saw 11 of its levels.

You collected 589 gold pieces.

Inventory:

Missiles
 c - 10 large rocks (quivered)
 d - 3 throwing nets
 i - 59 poisoned darts
Armour
 r - a +0 cloak (worn)
 x - a +2 robe of magic resistance (worn)
Jewellery
 p - an uncursed amulet of regeneration {unknown}
 v - an uncursed ring of flight {unknown}
 w - an uncursed ring of protection from cold {unknown}
 C - an uncursed ring of positive energy {unknown}
 F - a +2 ring of protection {unknown}
 G - an uncursed ring of wizardry {unknown}
Wands
 b - a wand of flame (49)
 s - a wand of paralysis (3)
 y - a wand of clouds (5)
Scrolls
 a - 7 scrolls of remove curse {unknown}
 e - 2 scrolls of enchant weapon {unknown}
 g - 21 scrolls of identify {unknown}
 k - 2 scrolls of fear {unknown}
 m - 4 scrolls of teleportation {unknown}
 n - 3 scrolls of amnesia {unknown}
 q - 3 scrolls of blinking {unknown}
 t - 4 scrolls of fog {unknown}
 E - 3 scrolls of magic mapping {unknown}
 I - a scroll of enchant armour {unknown}
Potions
 h - 4 potions of curing
 j - 3 potions of haste {unknown}
 l - a potion of lignification {unknown}
 o - 5 potions of degeneration {unknown}
 u - 2 potions of might {unknown}
 z - 2 potions of heal wounds {unknown}
 A - a potion of ambrosia {unknown}
 B - 2 potions of resistance {unknown}
 D - 2 potions of brilliance {unknown}
 H - 2 potions of flight {unknown}
 J - a potion of cancellation {unknown}
 K - a potion of mutation {unknown}
Comestibles
 f - 18 rations


   Skills:
 + Level 7.5 Fighting
 * Level 5.7 Throwing
 - Level 1.5 Dodging
 - Level 0.3 Stealth
 - Level 11.2 Unarmed Combat


You had 9 spell levels left.
You didn't know any spells.
Your spell library contained the following spells:

 Spells                   Type           Power        Failure   Level  Hunger
 Corona                   Hex            #......      41%         1    ##.....
 Ensorcelled Hibernation  Hex/Ice        #.....       54%         2    ###....
 Confuse                  Hex            #.......     78%         3    ####...
 Dazzling Spray           Conj/Hex       #.....       78%         3    ####...
 Tukima's Dance           Hex            #.......     78%         3    ####...


Dungeon Overview and Level Annotations

Branches:
Dungeon (9/15)             Temple (1/1) D:4
   Lair: D:8-11         Orc: D:9-12

Altars:
Ashenzari
Cheibriados
Dithmenos
Elyvilon
Fedhas
Gozag
Hepliaklqana
Kikubaaqudgha
Makhleb
Nemelex Xobeh
Okawaru
Qazlal
Ru
Sif Muna
Trog
Uskayaw
Vehumet
Wu Jian
Xom
Yredelemnul
Zin
The Shining One

Shops:
D:6 [   D:8 *   D:9 }   D:12 }


Innate Abilities, Weirdness & Mutations

You are too large for most types of armour.
You have claws for hands.
Your metabolism is lightning-fast.
You like to eat raw meat.
Your natural rate of healing is unusually fast.
You are covered in fur. (AC +1)
You have extremely tough skin. (AC +3)


Message History

The big kobold is severely wounded.
The kobold barely misses you.
You claw the big kobold!
You kill the big kobold!
Makhleb accepts your kill.
You feel better. The kobold hits you but does no damage.
The gargoyle hurls a stone arrow at you.
The stone arrow hits you!
Things that are here:
a +0 club; 2 stones Unknown command.
The gargoyle hurls a stone arrow at you.
The stone arrow hits you!!
* * * LOW HITPOINT WARNING * * *
You mangle the kobold!!
You kill the kobold!
Makhleb accepts your kill.
The gargoyle hurls a stone arrow at you.
The stone arrow hits you!!
You die...

........#..#..#....
.............#.#....
......)..(...#.∩...#
...................#
...##..............#
.. #.......h#.....#
. #....)(K9#....#
##.....#K.#..#
#....h##@...#
.......K####..#
.....#...# ..#
.......... #
..........
........#..


You could see a gargoyle, a hound and 2 kobolds.

Vanquished Creatures
  Erolcha (D:9)
  Grinder (D:4)
  Sigmund (D:2)
  Eustachio (D:4)
  2 hungry ghosts (D:8)
  Edmund (D:5)
  An acid dragon (D:12)
  An ice beast (D:6)
  4 phantoms
  2 sky beasts
  2 centaurs
  7 ogres
  A big kobold (D:12)
  3 bullfrogs
  A gnoll sergeant (D:8)
  A wyvern zombie (D:6)
  3 scorpions
  2 howler monkeys (D:9)
  2 crimson imps (D:5)
  A bullfrog zombie (D:8)
  2 jellies
  4 hounds
  A bullfrog skeleton (D:8)
  3 orc priests
  A centaur skeleton (D:8)
  2 iguanas
  Ijyb (D:5)
  8 orc wizards
  3 worker ants
  A hound skeleton (D:7)
  A howler monkey zombie (D:6)
  7 gnolls (D:8)
  A howler monkey skeleton (D:4)
  10 adders
  4 oozes
  2 adder skeletons
  5 worms
  A dart slug (D:1)
  6 leopard geckos
  29 orcs
  6 bats
  6 giant cockroaches
  8 goblins
  10 hobgoblins
  17 jackals
  A quokka (D:2)
  3 ball pythons
  5 frilled lizards
  A giant cockroach zombie (D:6)
  A jackal skeleton (D:7)
  A jackal zombie (D:5)
  7 kobolds
  A leopard gecko zombie (D:6)
  A quokka skeleton (D:4)
  7 rats
205 creatures vanquished.

Vanquished Creatures (others)
  A quokka (D:6)
1 creature vanquished.

Grand Total: 206 creatures vanquished

Notes
Turn   | Place    | Note
-------+----------+-------------------------------------------
     0 | D:1      | Mrkan the Troll Hunter began the quest for the Orb.
     0 | D:1      | Reached XP level 1. HP: 19/19 MP: 0/0
    74 | D:1      | Reached skill level 1 in Unarmed Combat
   103 | D:1      | Reached XP level 2. HP: 28/28 MP: 1/1
   264 | D:1      | Reached skill level 2 in Unarmed Combat
   325 | D:1      | Reached XP level 3. HP: 35/35 MP: 2/2
  1125 | D:2      | Reached skill level 3 in Unarmed Combat
  1125 | D:2      | Reached XP level 4. HP: 44/44 MP: 3/3
  1181 | D:2      | Found a faded altar of an unknown god.
  1527 | D:2      | Noticed Sigmund
  1548 | D:2      | Killed Sigmund
  1548 | D:2      | Reached skill level 4 in Unarmed Combat
  1548 | D:2      | Reached XP level 5. HP: 45/53 MP: 4/4
  1858 | D:3      | Reached XP level 6. HP: 50/61 MP: 5/5
  2008 | D:3      | Found a shattered altar of Ashenzari.
  2021 | D:3      | Found a snail-covered altar of Cheibriados.
  2027 | D:3      | Found a hide-covered altar of Uskayaw.
  2035 | D:3      | Found a shimmering blue altar of Sif Muna.
  2182 | D:3      | Reached skill level 5 in Unarmed Combat
  2505 | D:4      | Noticed Grinder
  2517 | D:4      | Killed Grinder
  2517 | D:4      | Reached skill level 6 in Unarmed Combat
  2517 | D:4      | Reached XP level 7. HP: 33/70 MP: 6/6
  2529 | D:4      | Noticed Eustachio
  2545 | D:4      | Killed Eustachio
  2545 | D:4      | Reached skill level 7 in Unarmed Combat
  2644 | D:4      | Found a staircase to the Ecumenical Temple.
  2656 | Temple   | Entered the Ecumenical Temple
  2697 | Temple   | Became a worshipper of Makhleb the Destroyer
  2821 | D:4      | Found a shadowy altar of Dithmenos.
  2850 | D:4      | Reached XP level 8. HP: 37/79 MP: 7/7
  2970 | D:4      | Reached skill level 8 in Unarmed Combat
  3274 | D:5      | Entered Level 5 of the Dungeon
  3396 | D:5      | Reached skill level 5 in Fighting
  3484 | D:5      | Noticed Edmund
  3499 | D:5      | Killed Edmund
  3542 | D:5      | Noticed Ijyb
  3550 | D:5      | Killed Ijyb
  3886 | D:5      | Reached skill level 9 in Unarmed Combat
  4065 | D:6      | Found a blossoming altar of Fedhas.
  4252 | D:6      | Reached * piety under Makhleb
  4252 | D:6      | Reached XP level 9. HP: 84/89 MP: 8/8
  4575 | D:6      | Found Kaah's Armour Emporium.
  4973 | D:7      | Reached skill level 10 in Unarmed Combat
  5314 | D:7      | Found an opulent altar of Gozag.
  5321 | D:7      | Found a sacrificial altar of Ru.
  5332 | D:7      | Found a hazy altar of Hepliaklqana.
  5466 | D:7      | Found an ancient bone altar of Kikubaaqudgha.
  5576 | D:8      | Found Eriqie's General Store.
  5856 | D:8      | Reached skill level 11 in Unarmed Combat
  5857 | D:8      | Reached ** piety under Makhleb
  6362 | D:9      | Reached XP level 10. HP: 99/102 MP: 9/9
  6399 | D:9      | Found Soownosasm's Gadget Shop.
  6401 | D:9      | Noticed Erolcha
  6417 | D:9      | Killed Erolcha
  6417 | D:9      | Reached skill level 5 in Throwing
  6457 | D:9      | You fall into a shaft and drop 3 floors!
  6457 | D:12     | Found Enkud Noihu's Gadget Shop.
  6476 | D:12     | Noticed a gargoyle
  6485 | D:12     | Killed from afar by a gargoyle

Levels and vault maps discovered:
D:1:      dpeg_arrival_renting, layout_loops_ring
D:2:      layout_loops_ring, chequers_ecumenical_altar_grove, uniq_sigmund
D:3:      layout_rooms, grunt_temple_overflow_cloverleaf
D:4:      layout_loops_ring, temple_fountains, minmay_ruined_shrine,
          uniq_eustachio, uniq_grinder
D:5:      layout_basic, first_ration, uniq_edmund, uniq_ijyb
D:6:      layout_gridville, fedhas_ov_isle_minmay, serial_shops,
          nicolae_shop_crystal
D:7:      layout_loops_ring, lemuel_coloured_pillars_altar,
          minmay_overflow_temple_star_quad
D:8:      layout_rooms, serial_shops,
          nicolae_shop_temple_entry_statues_fountains
D:9:      layout_roguey, orc_0_dummy, serial_shops, nicolae_shop_statue_plus,
          shop, nicolae_shop_statue_plus,
          nicolae_shop_competitors_out_of_business, gammafunk_ghost_necromancy,
          uniq_erolcha, uniq_psyche, uniq_gastronok
D:12:     layout_cave_pools, serial_shops, shop
Temple:   cyrus_circular_temple

Skill      XL: |  1  2  3  4  5  6  7  8  9 10 |
---------------+-------------------------------+-----
Unarmed Combat | 1 2 3 4 6 7 9 11 | 11.2
Fighting       | 2 3 4 5 7 |  7.5
Throwing       | 4 5 |  5.7
Dodging        | |  1.5
Stealth        | |  0.3

Action                   |  1- 3 |  4- 6 |  7- 9 | 10-12 || total
-------------------------+-------+-------+-------+-------++-------
Melee: Unarmed           |   124 |   166 |   318 |    22 ||   630
       Punch             |       |     2 |    15 |     1 ||    18
  Use: Potion            |       |       |       |     1 ||     1
 Stab: Sleeping          |       |     1 |       |       ||     1
  Eat: Chunk             |    16 |    13 |    45 |     3 ||    77
       Ration            |       |       |     1 |       ||     1
Armor: Robe              |    47 |    64 |   103 |     5 ||   219
Dodge: Dodged            |    95 |    67 |   181 |     9 ||   352
